 Dungeon Crawl Stone Soup version 0.29.1-12-g30fa7ad0bf (webtiles) character file.

Game seed: 3409920526541200376

59 soggyman666 the Trooper (level 3, -1/34 HPs)
             Began as a Minotaur Berserker on Dec 13, 2022.
             Was a Believer of Trog.
             Slain by a hobgoblin (3 damage)
             ... led by Robin
             ... on level 3 of the Dungeon.
             The game lasted 00:03:19 (1982 turns).

soggyman666 the Trooper (Minotaur Berserker)        Turns: 1982, Time: 00:03:20

Health: -1/34      AC:  6    Str: 23    XL:     3   Next: 78%
Magic:  2/2        EV: 11    Int:  4    God:    Trog [**....]
Gold:   120        SH:  0    Dex:  9    Spells: 2/2 levels left

rFire   . . .      SeeInvis .   a - +0 falchion
rCold   . . .      Faith    .   (no shield)
rNeg    . . .      Spirit   .   i - +1 ring mail
rPois   .          Reflect  .   (helmet restricted)
rElec   .          Harm     .   (no cloak)
rCorr   .          Rampage  .   (no gloves)
Will    .....                   (no boots)
Stlth   ..........              (no amulet)
HPRegen 0.11/turn               (no ring)
MPRegen 0.08/turn               (no ring)

@: no status effects
A: horns 2, retaliatory headbutt
a: Renounce Religion, Berserk, Trog's Hand


You were on level 3 of the Dungeon.
You worshipped Trog.
Trog was pleased with you.
You visited 1 branch of the dungeon, and saw 3 of its levels.

You collected 120 gold pieces.

Inventory:

Hand Weapons
 a - a +0 falchion (weapon)
 d - a +2 short sword of speed
Armour
 i - a +1 ring mail (worn)
Jewellery
 b - an amulet of regeneration
Scrolls
 g - 3 scrolls of magic mapping {unknown}
Potions
 c - 2 potions of curing {unknown}
 e - 4 potions of heal wounds
 f - a potion of degeneration {unknown}
 h - 2 potions of mutation {unknown}


   Skills:
 + Level 4.4 Fighting
 + Level 0.1(2.3) Short Blades
 + Level 4.3 Long Blades
 + Level 3.1 Armour
 + Level 2.6 Dodging
 + Level 0.1 Stealth


You had 2 spell levels left.
You didn't know any spells.
Your spell library was empty.

Dungeon Overview and Level Annotations

Branches:
Dungeon (3/15)

Altars:

Annotations:
D:3 Robin


Innate Abilities, Weirdness & Mutations

You have a pair of horns on your head.
You reflexively headbutt those who attack you in melee.


Message History

Trog accepts your kill. The hobgoblin hits you.
The goblin hits you with a +0 club. The hobgoblin hits you.
You see here a +0 club.
The goblin attacks as you move away! The goblin hits you with a +0 club.
You hit the hobgoblin.
The hobgoblin is severely wounded.
The goblin hits you but does no damage.
You hit the goblin.
You kill the goblin!
Trog accepts your kill.
The hobgoblin hits you but does no damage.
The goblin hits you with a +0 dagger.
* * * LOW HITPOINT WARNING * * *
A goblin comes into view. It is wielding a +0 dagger.
You hit the ball python but do no damage.
You punch the ball python.
The ball python is severely wounded.
The hobgoblin misses you.
The ball python bites you but does no damage.
The ball python grabs you. The ball python constricts you.
* * * LOW HITPOINT WARNING * * *
The goblin hits you with a +0 dagger.
* * * LOW HITPOINT WARNING * * *
You hit the ball python but do no damage.
You headbutt the ball python.
You kill the ball python!
Trog accepts your kill. Robin throws the goblin at you!
The hobgoblin closely misses you.
A goblin comes into view. It is wielding a +0 dagger.
The goblin hits you with a +0 dagger.
* * * LOW HITPOINT WARNING * * *
Robin roars a battlecry!
The goblins go into a battle-frenzy!
The hobgoblin misses you.
Things that are here:
a +0 club; a +0 club; a goblin corpse You hit Robin but do no damage.
Robin closely misses you. The hobgoblin hits you.
You die...

#.# ##..# #######.>####. #.#
##.##...........##. ..#
#.#............... .##
#................. # ##
#####................ # .
##.................... ##.#.
###..###................
.....#####...####................
#...g....g.g)g@g...............
##.#..#..8..#..g............>..
#).##...##...#...........#.#
#....#######......##.####.#..#
##...# #.......#.####...## ##.g#
..#...............## ....
.......<......#...# #....
....####..#.#.....# ..... .###
##............


You could see Robin, a hobgoblin (strong) and 3 goblins.

Vanquished Creatures
  2 worms (D:2)
  A dart slug (D:2)
  2 endoplasms
  5 hobgoblins
  2 jackals (D:2)
  6 kobolds
  2 quokkas
  6 ball pythons
  3 bats (D:2)
  2 frilled lizards
  10 goblins
  6 rats
47 creatures vanquished.

Notes
Turn   | Place    | Note
-------+----------+-------------------------------------------
     0 | D:1      | soggyman666 the Minotaur Berserker began the quest for the
                  | Orb.
     0 | D:1      | Reached XP level 1. HP: 19/19 MP: 0/0
   336 | D:1      | Reached XP level 2. HP: 27/27 MP: 1/1
   859 | D:2      | Found a faded altar of an unknown god.
   933 | D:2      | Reached ** piety under Trog
   937 | D:2      | Reached XP level 3. HP: 31/33 MP: 2/2
  1953 | D:3      | Noticed Robin
  1980 | D:3      | HP: 1/34 [goblin/+0 dagger[Robin] (5)]
  1982 | D:3      | Slain by a hobgoblin

Illustrated notes

Levels and vault maps discovered:
D:1:      ncdulo_lavacross, layout_loops_ring
D:2:      layout_basic, shapermc_ecumenical_altar_mp_highgroup,
          minmay_indecisive_spiral
D:3:      layout_rooms, mainiacjoe_overflow_tiny_flanked,
          mrwooster_statue_mirror, uniq_robin

Skill      XL: |  1  2  3 |
---------------+----------+-----
Long Blades    | 4 |  4.3
Fighting       | 4 |  4.4
Armour         | 3 |  3.1
Short Blades   | |  0.1
Dodging        | |  2.6
Stealth        | |  0.1

Action                   || total
-------------------------++-------
Melee: Falchion          ||    82
       Headbutt          ||    17
       Short sword       ||    23
       Punch             ||     1
  Use: Scroll            ||     9
Armor: Ring mail         ||    30
Dodge: Dodged            ||    71
